 Dungeon Crawl Stone Soup version 0.29.1-1-gd02db6906a (webtiles) character file.

Game seed: 6874283769222957894

142 Tiocfaidh the Chopper (level 5, -1/36 HPs)
             Began as an Octopode Cinder Acolyte on Sept 22, 2022.
             Was a High Priest of Ignis.
             Slain by Grinder (4 damage)
             ... while paralysed by Grinder
             ... on level 3 of the Dungeon.
             The game lasted 00:13:16 (2420 turns).

Tiocfaidh the Chopper (Octopode Cinder Acolyte)     Turns: 2420, Time: 00:13:16

Health: -1/36      AC:  5    Str: 15    XL:     5   Next: 24%
Magic:  6/6        EV:  2    Int: 16    God:    Ignis [*****.]
Gold:   197        SH:  0    Dex:  8    Spells: 6/6 levels left

rFire   + . .      SeeInvis .   p - +1 short sword (venom)
rCold   . . .      Faith    .   (no shield)
rNeg    . . .      Spirit   .   (helmet restricted)
rPois   .          Reflect  +   m - amulet of reflection
rElec   .          Harm     .   g - +4 ring of protection
rCorr   +          Rampage  .   o - ring of resist corrosion
Will    .....                   (no ring)
Stlth   +++.......              (no ring)
HPRegen 0.12/turn               (no ring)
MPRegen 0.10/turn               (no ring)
                                (no ring)
                                (no ring)

@: paralysed
A: almost no armour, amphibious, 8 rings, camouflage 1, gelatinous body 1,
(nimble swimmer 1), tentacles
a: Renounce Religion, Fiery Armour, Foxfire Swarm, Rising Flame


You were on level 3 of the Dungeon.
You worshipped Ignis.
Ignis was extremely pleased with you.
You visited 1 branch of the dungeon, and saw 3 of its levels.

You collected 197 gold pieces.

Inventory:

Hand Weapons
 a - a -1 hand axe of flaming
 p - a +1 short sword of venom (weapon)
Missiles
 q - 4 boomerangs (quivered)
 r - a throwing net
Jewellery
 g - a +4 ring of protection (left tentacle)
 m - an amulet of reflection (around mantle)
 o - a ring of resist corrosion (right tentacle)
Scrolls
 h - 2 scrolls of torment {unknown}
 i - a scroll of identify {unknown}
 j - 2 scrolls of fog {unknown}
 l - a scroll of blinking {unknown}
Potions
 b - 3 potions of heal wounds {unknown}
 c - a potion of haste {unknown}
 d - a potion of degeneration {unknown}
 e - a potion of brilliance {unknown}
 k - a potion of lignification {unknown}
 n - a potion of magic {unknown}


   Skills:
 + Level 3.5 Fighting
 + Level 3.9 Axes
 + Level 2.1 Throwing
 + Level 0.6 Dodging
 + Level 2.5 Stealth
 + Level 1.0 Spellcasting
 + Level 3.3 Fire Magic


You had 6 spell levels left.
You didn't know any spells.
Your spell library contained the following spells:

 Spells                   Type           Power      Damage    Failure   Level
 Scorch                   Fire           22%        2d6       9%          2
 Summon Small Mammal      Summ           0%         N/A       22%         1
 Call Canine Familiar     Summ           0%         N/A       56%         3
 Summon Guardian Golem    Hex/Summ       0%         N/A       56%         3
 Alistair's Intoxication  Tmut/Pois      0%         N/A       99%         5
 Borgnjor's Vile Clutch   Necr/Erth      0%         N/A       99%         5
 Eringya's Noxious Bog    Tmut/Pois      0%         N/A       100%        6


Dungeon Overview and Level Annotations

Branches:
Dungeon (3/15)

Altars:

Shops:
D:3 :

Annotations:
D:3 Grinder


Innate Abilities, Weirdness & Mutations

You cannot wear most types of armour.
You are amphibious.
You can wear up to eight rings at the same time.
Your skin changes colour to match your surroundings (Stealth+).
Your rubbery body absorbs attacks. (AC +1, EV +1)
((You are camouflaged when in or above water. (Stealth+)))
You have tentacles for arms and can constrict up to eight enemies at once.


Message History

Throw: dart (poison)
Press: ? - help, Q - select action, (/) - cycle Shift-Dir - straight line, f/p - Grinder
Aim: Grinder (52% to hit)
You throw a poisoned dart.
The poisoned dart closely misses Grinder.
Grinder hits you!
You writhe in agony.
You hit Grinder. Your grab misses Grinder.
Grinder is lightly wounded.
Grinder blinks!
Grinder blinks!
A quokka comes into view.
Grinder gestures at you. Pain shoots through your body!
* * * LOW HITPOINT WARNING * * *
Grinder gestures at you.
You suddenly lose the ability to move!
Grinder barely misses you.
You can move again.
You closely miss Grinder. You grab Grinder. You constrict Grinder.
Grinder gestures at you. Pain shoots through your body!
* * * LOW HITPOINT WARNING * * *
You hit Grinder.
Grinder is poisoned.
Grinder is lightly wounded.
You constrict Grinder. You block Grinder's attack.
You barely miss Grinder.
Grinder is lightly wounded.
You constrict Grinder.
Grinder blinks free!
Grinder misses you.
You hit Grinder but do no damage. Your grab misses Grinder.
Grinder is lightly wounded.
Grinder misses you.
You barely miss Grinder. Your grab misses Grinder.
Grinder is lightly wounded.
Grinder gestures at you.
You suddenly lose the ability to move!
Grinder hits you.
* * * LOW HITPOINT WARNING * * *
You writhe in agony.
You die...

##. ....... ..
###..#... ..
....#..# #. #
#..#..# #. #.##.#..#
#.### ......# #.(.#
#.#..# ##...##
#..... #8.@.8#
###..# ##5..## #).#
#...# .######..#
##...##.# .........#
#⌠...8#.# #######.##
##...##.# #.##
#...##.# #.##
##...##.# #.##
#8...8#.#########.##


You could see Grinder (poisoned).

Vanquished Creatures
  Terence (D:2)
  Robin (D:2)
  4 adders (D:2)
  A worm (D:2)
  A dart slug (D:2)
  4 ball pythons
  3 endoplasms
  3 giant cockroaches
  11 goblins
  4 hobgoblins
  3 jackals (D:1)
  5 kobolds
  A quokka (D:2)
  7 bats
  2 frilled lizards
  10 rats
61 creatures vanquished.

Notes
Turn   | Place    | Note
-------+----------+-------------------------------------------
     0 | D:1      | Tiocfaidh the Octopode Cinder Acolyte began the quest for
                  | the Orb.
     0 | D:1      | Reached XP level 1. HP: 16/16 MP: 2/2
   582 | D:1      | Reached XP level 2. HP: 19/21 MP: 3/3
   795 | D:1      | Reached skill level 1 in Throwing
  1056 | D:1      | Reached XP level 3. HP: 24/26 MP: 4/4
  1249 | D:2      | Reached skill level 1 in Stealth
  1313 | D:2      | Noticed Terence
  1332 | D:2      | Killed Terence
  1333 | D:2      | Reached XP level 4. HP: 7/31 MP: 5/5
  2007 | D:2      | Noticed Robin
  2014 | D:2      | Reached XP level 5. HP: 34/36 MP: 6/6
  2021 | D:2      | Killed Robin
  2310 | D:3      | Found Sedaro's Book Emporium.
  2399 | D:3      | Noticed Grinder
  2400 | D:3      | Paralysed by Grinder for 5 turns
  2412 | D:3      | Paralysed by Grinder for 2 turns
  2419 | D:3      | Paralysed by Grinder for 4 turns
  2420 | D:3      | Slain by Grinder

Illustrated notes

Levels and vault maps discovered:
D:1:      ebering_trefoil_twist, layout_basic
D:2:      layout_basic, uniq_robin, uniq_terence
D:3:      layout_basic, cheibriados_altar_1, serial_shops, shop_coins,
          corexii_hall_statues_i, uniq_grinder

Skill      XL: |  1  2  3  4 |
---------------+-------------+-----
Throwing       | 1 2 |  2.1
Stealth        | 1 2 |  2.5
Fighting       | |  3.5
Axes           | |  3.9
Dodging        | |  0.6
Spellcasting   | |  1.0
Fire Magic     | |  3.3

Action                   |  1- 3 |  4- 6 || total
-------------------------+-------+-------++-------
Melee: Hand axe          |    70 |    61 ||   131
       Constrict         |    14 |    13 ||    27
       Tentacles         |    14 |    13 ||    27
       Punch             |       |     1 ||     1
       Short sword       |       |     6 ||     6
Throw: Boomerang         |    24 |       ||    24
       Dart              |     4 |     2 ||     6
 Stab: Sleeping          |     4 |     4 ||     8
Armor: Skin              |    13 |    20 ||    33
Dodge: Dodged            |    41 |    44 ||    85
Block: Other             |       |     3 ||     3
